 Dungeon Crawl Stone Soup version 0.28.0-53-g5a82cb258f (webtiles) character file.

Game seed: 16221956512930760913

177 Doot the Chopper (level 5, 0/45 HPs)
             Began as a Hill Orc Gladiator on June 1, 2022.
             Slain by a hound (5 damage)
             ... on level 5 of the Dungeon.
             The game lasted 00:02:58 (1412 turns).

Doot the Chopper (Hill Orc Gladiator)               Turns: 1412, Time: 00:02:58

Health: 0/45       AC:  4    Str: 17    XL:     5   Next: 57%
Magic:  5/5        EV: 10    Int: 10    God:
Gold:   26         SH:  0    Dex: 12    Spells: 4/4 levels left

rFire   . . .      SeeInvis .   a - +0 war axe
rCold   . . .      Faith    .   (no shield)
rNeg    . . .      Spirit   .   h - +0 scale mail
rPois   .          Reflect  .   c - +0 helmet
rElec   .          Harm     .   l - +0 cloak
rCorr   .          Rampage  .   (no gloves)
Will    .....                   (no boots)
Stlth   ..........              (no amulet)
HPRegen 0.15/turn               (no ring)
MPRegen 0.09/turn               (no ring)

@: corroded
A: no striking features
a: no special abilities


You were on level 5 of the Dungeon.
You visited 2 branches of the dungeon, and saw 6 of its levels.

You collected 26 gold pieces.

Inventory:

Hand Weapons
 a - a +0 war axe (weapon)
Missiles
 d - 3 throwing nets (quivered)
Armour
 b - a +0 leather armour
 c - a +0 helmet (worn)
 h - a +0 scale mail (worn)
 l - a +0 cloak (worn)
Scrolls
 i - a scroll of teleportation {unknown}
Potions
 e - a potion of degeneration {unknown}
 f - a potion of curing {unknown}
 g - a potion of attraction {unknown}
 j - a potion of brilliance {unknown}
 k - 2 potions of might {unknown}


   Skills:
 + Level 3.3 Fighting
 + Level 6.7 Axes
 + Level 2.0 Throwing
 + Level 1.0 Armour
 + Level 2.8 Dodging
 + Level 0.4 Stealth


You had 4 spell levels left.
You didn't know any spells.
Your spell library contained the following spells:

 Spells                   Type           Power      Damage    Failure   Level
 Sting                    Tmut/Pois      0%         1d3       80%         1
 Poisonous Vapours        Pois/Air       0%         N/A       90%         2
 Olgreb's Toxic Radiance  Pois           0%         N/A       100%        4


Dungeon Overview and Level Annotations

Branches:
Dungeon (5/15)             Temple (1/1) D:4

Altars:
Cheibriados
Dithmenos
Fedhas
Gozag
Ru
Trog
Uskayaw
Vehumet
Xom
Yredelemnul


Message History

The jelly hits you. The acid corrodes you!
You are splashed with acid.
The hound barely misses you.
You hit the jelly.
You kill the jelly!
You closely miss the hound. The hound barely misses you.
You closely miss the hound. The hound barely misses you. The hound bites you.
You hit the hound.
The hound is lightly wounded.
The hound bites you. x2
* * * LOW HITPOINT WARNING * * *
You hit the hound.
The hound is moderately wounded.
The hound bites you.
* * * LOW HITPOINT WARNING * * *
The hound bites you.
* * * LOW HITPOINT WARNING * * *
You closely miss the hound.
The hound is moderately wounded.
The hound bites you but does no damage. The hound completely misses you.
You slash the hound!
The hound is almost dead.
The hound barely misses you.
You closely miss the hound.
The hound is almost dead.
The hound bites you.
* * * LOW HITPOINT WARNING * * *
The hound bites you.
* * * LOW HITPOINT WARNING * * *
You hit the hound but do no damage.
The hound is almost dead.
The hound misses you. The hound closely misses you.
You hit the hound but do no damage.
The hound is almost dead.
The hound bites you.
* * * LOW HITPOINT WARNING * * *
Unknown command.
You barely miss the hound.
The hound is almost dead.
The hound bites you.
You die...

. ## .. .♣ ... .#
[... ##.#.....
#........
###@##....
#...h.$....
#######.#.##.....
#.........# #...
#.........# .#
#........<#
#.........#
###########


You could see a hound.

Vanquished Creatures
  A hound (D:4)
  2 jellies (D:5)
  A hound skeleton (D:4)
  A mummy (D:4)
  2 gnolls
  2 adders
  2 endoplasms (D:2)
  3 goblins
  A hobgoblin (D:2)
  5 jackals
  2 quokkas (D:2)
  2 ball pythons
  A bat (D:2)
  2 frilled lizards (D:2)
  A hobgoblin zombie (D:4)
  A kobold zombie (D:4)
  2 orc zombies (D:4)
  A rat (D:2)
32 creatures vanquished.

Notes
Turn   | Place    | Note
-------+----------+-------------------------------------------
     0 | D:1      | Doot the Hill Orc Gladiator began the quest for the Orb.
     0 | D:1      | Reached XP level 1. HP: 18/18 MP: 1/1
    66 | D:2      | Reached XP level 2. HP: 25/25 MP: 2/2
   560 | D:1      | Reached XP level 3. HP: 24/30 MP: 3/3
   838 | D:3      | Reached skill level 5 in Axes
   991 | D:4      | Found a hide-covered altar of Uskayaw.
  1003 | D:4      | Reached XP level 4. HP: 23/38 MP: 4/4
  1036 | D:4      | Found a staircase to the Ecumenical Temple.
  1045 | Temple   | Entered the Ecumenical Temple
  1312 | D:4      | Reached skill level 1 in Armour
  1319 | D:4      | Reached skill level 6 in Axes
  1319 | D:4      | Reached XP level 5. HP: 32/45 MP: 5/5
  1331 | D:4      | Noticed an ogre
  1348 | D:4      | Noticed a phantom
  1376 | D:5      | Entered Level 5 of the Dungeon
  1412 | D:5      | Slain by a hound

Illustrated notes

Levels and vault maps discovered:
D:1:      nicolae_arrival_somewhat_less_tricky_arrival, layout_loops_ring,
          shapermc_ecumenical_altar_mp_highgroup, skrybe_limestone_x,
          minmay_pentomino_q2
D:2:      layout_loops_ring, basic_altar
D:3:      minmay_inner_zag, layout_basic, minmay_misc_feat_square,
          kennysheep_generic_room_13
D:4:      layout_cave_pools, nicolae_uskayaw_murder_on_the_dancefloor,
          minmay_temple_entry_glass, portal_sewer_entry_e, minmay_mini_ossuary
D:5:      layout_rooms, nicolae_overflow_quartered_altars,
          pdpol_wu_jian_five_deadly_venoms, nicolae_qazlal_style_of_elements
Temple:   nicolae_temple_figure_zero

Skill      XL: |  1  2  3  4 |
---------------+-------------+-----
Throwing       | 2 |  2.0
Axes           | 5 6 |  6.7
Fighting       | 3 |  3.3
Armour         | 1 |  1.0
Dodging        | |  2.8
Stealth        | |  0.4

Action                   |  1- 3 |  4- 6 || total
-------------------------+-------+-------++-------
Melee: War axe           |    59 |    39 ||    98
 Stab: Sleeping          |     1 |       ||     1
Armor: Scale mail        |    26 |    15 ||    41
       Leather armour    |     1 |       ||     1
Dodge: Dodged            |    36 |    22 ||    58
